AoeStats
← eser

Nomad

503229232Analyzed
3v3 RM · 2mo ago on Aug 30, 2026· 65m 51s· 6 players
Game mode
Random Map
Map size
210×210
Population
200
Speed
Normal
Resources
Standard
Victory
Conquest
Starting age
Dark Age
Ending age
Imperial Age
RankedLock teamsTeams togetherTeam positionsShared explorationLock speedFull tech treeHidden civsTurbo modeCheats
Victory
Defeat
🇹🇷 Franks · Türkiye
660
+11
🇧🇷 Goths · Brazil
637
+12
597
+14
vs
🇲🇽 Chinese · Mexico
664
-18
🇲🇽 Turks · Mexico
596
-14
🇲🇽 Persians · Mexico
381
-6
✝ Sweet Baby Jesus ✝
16:32 Feudal Age
17:11 Double-Bit Axe
18:06 Wheelbarrow
19:07 Bloodlines
21:39 Horse Collar
25:30 Forging
26:15 Gold Mining
31:51 Castle Age
32:50 Hand Cart
32:37 Heavy Plow
32:50 Bow Saw
33:18 Gold Shaft Mining
33:09 Husbandry
33:41 Light Cavalry
35:43 Squires
35:03 Pikeman
39:29 Iron Casting
41:13 Medium Warships
41:47 Scale Barding Armor
48:07 Scale Mail Armor
48:36 Chain Barding Armor
48:41 Caravan
51:31 Imperial Age
50:18 Chain Mail Armor
51:35 Heavy Camel Rider
53:23 Blast Furnace
52:48 Conscription
52:57 Fletching
53:21 Elite Steppe Lancer
54:18 Elite Mangudai
54:58 Bodkin Arrow
55:44 Parthian Tactics
55:25 Thumb Ring
56:33 Ballistics
57:14 Chemistry
56:48 Bracer
60:12 Plate Mail Armor
59:46 Padded Archer Armor
eser
17:02 Feudal Age
17:07 Man-at-Arms
20:04 Double-Bit Axe
28:15 Castle Age
27:22 Scale Barding Armor
27:18 Scale Mail Armor
28:22 Stone Mining
28:27 Gold Mining
30:10 Husbandry
36:30 Chain Mail Armor
38:40 Chain Barding Armor
49:28 Imperial Age
51:18 Cavalier
54:52 Forging
55:36 Gold Shaft Mining
56:09 Iron Casting
57:11 Plate Barding Armor
58:01 Paladin
60:36 Blast Furnace
60:39 Plate Mail Armor
Sãnic
5:45 Loom
16:37 Feudal Age
16:58 Horse Collar
17:53 Double-Bit Axe
28:39 Castle Age
27:16 Gold Mining
27:32 Stone Mining
28:44 Forging
30:07 Wheelbarrow
29:35 Scale Mail Armor
29:55 Heavy Plow
30:37 Bow Saw
32:37 Ballistics
32:14 Murder Holes
36:22 Hand Cart
37:37 Iron Casting
37:58 Chain Mail Armor
39:39 Anarchy
40:41 Fletching
40:58 Squires
41:13 Masonry
41:00 Pikeman
45:43 Imperial Age
43:15 Bodkin Arrow
44:00 Stone Shaft Mining
46:26 Perfusion
45:49 Elite Huskarl
47:32 Blast Furnace
45:59 Halberdier
47:23 Crop Rotation
aluv145
14:42 Feudal Age
16:23 Double-Bit Axe
24:09 Castle Age
24:46 Stone Mining
24:51 Gold Mining
28:54 Man-at-Arms
29:36 Squires
31:29 Forging
31:10 Fletching
37:21 Wheelbarrow
36:33 Town Watch
38:33 Bloodlines
46:20 Ballistics
49:55 Hand Cart
51:47 Scale Barding Armor
55:47 Heated Shot
63:10 Imperial Age
danielovs9
3:25 Loom
15:51 Feudal Age
17:28 Double-Bit Axe
17:30 Horse Collar
22:57 Castle Age
22:09 Wheelbarrow
25:06 Bow Saw
26:07 Hand Cart
33:49 Man-at-Arms
46:19 Imperial Age
49:31 Elite Chu Ko Nu
56:18 Light Cavalry
miguelremis8
5:44 Loom
17:59 Feudal Age
26:13 Castle Age
24:49 Wheelbarrow
24:01 Double-Bit Axe
24:16 Horse Collar
24:29 Gold Mining
24:30 Stone Mining
28:17 Hand Cart
31:23 Forging
31:14 Scale Mail Armor
31:27 Bow Saw
31:19 Heavy Plow
33:27 Iron Casting
33:07 Chain Mail Armor
33:12 Husbandry
33:23 Demolition Ship
37:03 Medium Warships
40:27 Imperial Age
39:15 Ballistics
39:34 Gold Shaft Mining
39:19 Light Cavalry
40:10 Bloodlines
40:53 Stone Shaft Mining
40:27 Cavalier
44:45 Savar
44:47 Hussar
51:07 Chemistry
51:09 Two-Man Saw
50:44 Crop Rotation
51:20 Blast Furnace
50:50 Plate Mail Armor
51:49 Elite War Elephant
53:14 Plate Mail Armor
55:50 Conscription
57:08 Kamandaran
58:00 Crossbowman
58:47 Thumb Ring
Connection lost

Rejoining the realm…

Still unreachable

The connection could not be restored.

Session expired

The server has moved on; the page needs a fresh start.